 Dungeon Crawl Stone Soup version 0.21-a0-110-g8e1637b (webtiles) character file.

218569 Lavandula the Eclecticist (level 17, -15/113 HPs)
             Began as a Mummy Arcane Marksman on July 5, 2017.
             Was an Elder of Kikubaaqudgha.
             Demolished by an acid blob (24 damage)
             ... created by the Royal Jelly
             ... on level 5 of the Pits of Slime on July 7, 2017.
             The game lasted 04:42:42 (27715 turns).

Lavandula the Eclecticist (Mummy Arcane Marksman)  Turns: 27715, Time: 04:42:42

Health: -15/113    AC: 13    Str: 12 (14) XL:     17   Next: 98%
Magic:  25/36      EV: 20    Int: 16      God:    Kikubaaqudgha [****..]
Gold:   597        SH:  7    Dex: 15      Spells: 2/46 levels left

rFire    x . .     SeeInvis +   w - +2 falchion (drain)
rCold    + . .     Gourm    .   P - +2 buckler {rPois}
rNeg     + + +     Faith    .   f - +0 troll leather armour
rPois    ∞         Spirit   .   y - +2 helmet {SInv}
rElec    .         Reflect  .   (no cloak)
rCorr    +         Harm     .   m - +2 pair of gloves {archery}
MR       ++...                  j - +1 pair of boots
Stlth    ++........             t - amulet of magic regeneration
HPRegen  0.68/turn              r - ring of resist corrosion
MPRegen  0.50/turn              g - +3 ring of evasion

@: about to teleport, very slightly contaminated, deflect missiles
A: no food or potions, fire vulnerability, cold resistance 1, negative energy
resistance 3, torment resistance, unbreathing, in touch with death 1
}: 2/15 runes: barnacled, gossamer
a: Receive Corpses, Renounce Religion


You were on level 5 of the Pits of Slime.
You worshipped Kikubaaqudgha.
Kikubaaqudgha was greatly pleased with you.
You were not hungry.

You visited 9 branches of the dungeon, and saw 43 of its levels.
You visited 1 bazaar.
You also visited: Ice Cave.

You collected 3623 gold pieces.
You spent 3026 gold pieces at shops.

Inventory:

Hand Weapons
 i - the +10 morningstar "Eos" {elec, Halo rElec}
   (You bought it in a shop on level 2 of the Orcish Mines)

   Occasionally, upon striking a foe, it will discharge some electrical energy
   and cause terrible harm.
   It insulates you from electricity.
 w - a +2 falchion of draining (weapon)
 B - a +3 demon whip of freezing
Missiles
 K - 17 steel javelins (quivered)
 Q - 6 throwing nets
 V - 14 curare-tipped needles
Armour
 f - a +0 troll leather armour (worn)
 j - a +1 pair of boots (worn)
 k - a +2 leather armour of fire resistance
 m - a +2 pair of gloves of archery (worn)
 y - a +2 helmet of see invisible (worn)
 D - +0 fire dragon scales
 P - a +2 buckler of poison resistance (worn)
Jewellery
 d - an uncursed ring of protection from cold
 g - a +3 ring of evasion (right hand)
 n - an uncursed ring of protection from fire
 r - a ring of resist corrosion (left hand)
 t - an amulet of magic regeneration (around neck)
 A - an uncursed amulet of regeneration
 I - the ring "Javu" {Wiz rF- rN++ Slay+5}
   (You took it off a skeletal warrior on level 14 of the Dungeon)

   [ring of wizardry]

   It improves your spell success rate.
   It affects your accuracy and damage with ranged weapons and melee attacks
   (+5).
   It makes you vulnerable to fire.
   It greatly protects you from negative energy.
 N - the ring of Equilibrium {rElec rC- rN++ Int-5 Stlth-}
   (You found it in an ice cave)

   [ring of loudness]

   It affects your intelligence (-5).
   It makes you vulnerable to cold.
   It insulates you from electricity.
   It greatly protects you from negative energy.
   It makes you less stealthy.
Wands
 h - a wand of enslavement (13/24)
 p - a wand of acid (10/15)
 q - a wand of lightning (9/15)
 R - a wand of confusion (22/48)
 T - a wand of digging (12/24)
Scrolls
 b - 7 scrolls of remove curse
 u - a scroll of enchant weapon
 v - 5 scrolls of recharging
 E - a scroll of brand weapon
 O - a scroll of immolation
 X - 3 scrolls of fog
 Z - 3 scrolls of vulnerability
Books
 c - a book of Debilitation

   Spells                             Type                      Level
   a - Corona                         Hexes                        1
   b - Slow                           Hexes                        2
   c - Inner Flame                    Hexes/Fire                   3
   d - Portal Projectile              Hexes/Translocation          3
   e - Cause Fear                     Hexes                        4
   f - Leda's Liquefaction            Hexes/Earth                  4
 e - a book of Beasts

   Spells                             Type                      Level
   a - Summon Butterflies             Summoning                    1
   b - Call Canine Familiar           Summoning                    3
   c - Summon Ice Beast               Ice/Summoning                4
   d - Summon Mana Viper              Hexes/Summoning              5
   e - Summon Hydra                   Summoning                    7
 l - the Tome of Vitriolic Flight
   (You found it on level 12 of the Dungeon)

   Spells                             Type                      Level
   a - Sting                          Conjuration/Poison           1
   b - Shock                          Conjuration/Air              1
   c - Swiftness                      Charms/Air                   2
   d - Mephitic Cloud                 Conjuration/Poison/Air       3
   e - Summon Lightning Spire         Summoning/Air                4
   f - Tornado                        Air                          9
 o - Kikubaaqudgha's Compendium of Black Arts
   (Kikubaaqudgha gifted it to you on level 6 of the Dungeon)

   Spells                             Type                      Level
   a - Animate Skeleton               Necromancy                   1
   b - Pain                           Necromancy                   1
   c - Corpse Rot                     Necromancy                   2
   d - Vampiric Draining              Necromancy                   3
   e - Control Undead                 Necromancy                   4
 F - Kikubaaqudgha's Almanac of Stolen Souls
   (Kikubaaqudgha gifted it to you on level 1 of the Lair of Beasts)

   Spells                             Type                      Level
   a - Animate Dead                   Necromancy                   4
   b - Excruciating Wounds            Charms/Necromancy            5
   c - Dispel Undead                  Necromancy                   5
   d - Simulacrum                     Ice/Necromancy               6
   e - Death Channel                  Necromancy                   6
 H - a book of Necromancy

   Spells                             Type                      Level
   a - Pain                           Necromancy                   1
   b - Animate Skeleton               Necromancy                   1
   c - Vampiric Draining              Necromancy                   3
   d - Regeneration                   Charms/Necromancy            3
   e - Animate Dead                   Necromancy                   4
   f - Control Undead                 Necromancy                   4
 J - a Necronomicon

   Spells                             Type                      Level
   a - Haunt                          Necromancy/Summoning         7
   b - Borgnjor's Revivification      Necromancy                   8
   c - Death's Door                   Charms/Necromancy            8
   d - Infestation                    Necromancy                   8
   e - Necromutation                  Transmutation/Necromancy     8
 S - a book of Battle

   Spells                             Type                      Level
   a - Infusion                       Charms                       1
   b - Shroud of Golubria             Charms/Translocation         2
   c - Song of Slaying                Charms                       2
   d - Spectral Weapon                Hexes/Charms                 3
   e - Regeneration                   Charms/Necromancy            3
 U - Oxkuate's Catalogue of Twisted Earth
   (You found it on level 6 of the Lair of Beasts)

   Spells                             Type                      Level
   a - Animate Skeleton               Necromancy                   1
   b - Control Undead                 Necromancy                   4
   c - Shatter                        Earth                        9
 W - a book of Enchantments

   Spells                             Type                      Level
   a - Cause Fear                     Hexes                        4
   b - Yara's Violent Unravelling     Hexes/Transmutation          5
   c - Silence                        Hexes/Air                    5
   d - Deflect Missiles               Charms/Air                   6
   e - Discord                        Hexes                        8
 Y - a book of Clouds

   Spells                             Type                      Level
   a - Poisonous Vapours              Poison/Air                   2
   b - Mephitic Cloud                 Conjuration/Poison/Air       3
   c - Conjure Flame                  Conjuration/Fire             3
   d - Freezing Cloud                 Conjuration/Ice/Air          6
   e - Ring of Flames                 Charms/Fire                  7
Miscellaneous
 x - a lamp of fire (inert)


   Skills:
 - Level 4.9 Fighting
 - Level 7.0 Long Blades
 - Level 5.4 Maces & Flails
   Level 7.0 Crossbows
 - Level 3.4 Armour
 - Level 7.9 Dodging
 - Level 4.2 Stealth
 - Level 5.2 Shields
 - Level 15.1 Spellcasting
 - Level 5.0 Hexes
 - Level 9.4 Charms
 - Level 6.0 Summonings
 + Level 14.2 Necromancy
 - Level 5.4 Translocations
 - Level 5.0 Ice Magic
 - Level 8.0 Air Magic
 - Level 5.3 Evocations


You had 2 spell levels left.
You knew the following spells:

 Your Spells              Type           Power        Failure   Level  Hunger
a - Spectral Weapon       Hex/Chrm       #####...     1%          3    N/A
b - Simulacrum            Ice/Necr       ######....   21%         6    N/A
c - Cause Fear            Hex            ####......   9%          4    N/A
e - Vampiric Draining     Necr           ######....   1%          3    N/A
f - Shroud of Golubria    Chrm/Tloc      #####.....   1%          2    N/A
g - Apportation           Tloc           ####..       1%          1    N/A
h - Death Channel         Necr           ######....   3%          6    N/A
i - Deflect Missiles      Chrm/Air       #####.....   28%         6    N/A
j - Summon Butterflies    Summ           ####....     1%          1    N/A
k - Animate Dead          Necr           N/A          1%          4    N/A
l - Summon Lightning Spi  Summ/Air       ####....     3%          4    N/A
m - Control Undead        Necr           ######....   1%          4    N/A

Dungeon Overview and Level Annotations

Branches:
Dungeon (15/15)            Temple (1/1) D:6            Lair (6/6) D:9
 Shoals (4/4) Lair:2       Spider (4/4) Lair:2        Slime (5/5) Lair:5
    Orc (2/2) D:11            Elf (0/3) Orc:2        Vaults (3/5) D:14
  Crypt (3/3) Vaults:2
   Tomb: Crypt:3     Depths: D:15

Altars:
Cheibriados
Dithmenos
Fedhas
Kikubaaqudgha
Makhleb
Nemelex Xobeh
Okawaru
Ru
Sif Muna
Trog
Uskayaw
Vehumet
Xom
Yredelemnul
Zin
The Shining One
Beogh
Jiyva

Shops:
D:11 =   Orc:2 !(![}

Annotations:
D:4 exclusion: downstairs
D:5 Sigmund
D:9 exclusion: upstairs, Erolcha
D:10 exclusion: upstairs, Harold
Lair:3 exclusion: oklob plant
Slime:5 exclusion: upstairs, Royal Jelly


Innate Abilities, Weirdness & Mutations

You do not eat or drink.
Your flesh is vulnerable to fire.
You are immune to poison.
Your flesh is cold resistant. (rC+)
You are immune to negative energy. (rN+++)
You are immune to unholy pain and torment.
You can survive without breathing.
You are in touch with the powers of death.


Message History

Okay, then.
Evoke which item? (* to show all) (? for menu, Esc to quit)
Okay, then.
Okay, then.
Okay, then.
Put on which piece of jewellery? (? for menu, Esc to quit)
You're wearing all the rings you can.
Remove which one? (? for menu, Esc to cancel) < or
r - a ring of resist corrosion > or
I - the ring "Javu" {Wiz rF- rN++ Slay+5} You remove the ring "Javu" {Wiz rF- rN++ Slay+5}.
The death ooze is engulfed in blazing flames.
The acid blob barely misses you. The acid blob hits you!
* * * LOW HITPOINT WARNING * * *
You are splashed with acid!
The acid burns!
You resist.
* * * LOW HITPOINT WARNING * * *
g - a +3 ring of evasion (right hand)
The acid blob hits you!!
You die...
Kikubaaqudgha rasps: "You have failed me!
Welcome... oblivion!"

...............J.................
.................................
.............#..###..............
...........# ##.######...........
.........###[##JJ##[###..........
........###![%##J#$$:##..........
.......###([[##JJ##?}?###........
.......##/)):(#J##())[?###.......
......###?(|$##J@##[:!?# #......Z
.......###%(#[##J#=#$$## #.......
......#########JJ#########.......
.......#...#........#...#........
.........#...#.._.#...#..........
.......########..########........
.......###!$#"##.#[#))####.......
.......##$?}%##..##$[?[# #.......
......###([φ)?#.##/)?}:###.......


You could see the Royal Jelly (inner flame), 3 acid blobs, 2 azure jellies and 4
death oozes.

Vanquished Creatures
  3 acid blobs
  Aizul (Vaults:2)
  A ghost moth (Spider:4)
  3 emperor scorpions (Spider:4)
  2 ironheart preservers (Vaults:2)
  3 vampire knights (Crypt:3)
  A yaktaur captain (Vaults:2)
  A great orb of eyes (Slime:5)
  4 death oozes
  A rakshasa (D:14)
  2 ice dragons
  2 hydras
  2 centaur warriors (D:14)
  3 two-headed ogres
  2 vampire magi (Crypt:3)
  A titan zombie (Crypt:1)
  Nergalle (Lair:3)
  6 skeletal warriors
  A sea snake (Shoals:4)
  3 unseen horrors
  An entropy weaver zombie (Vaults:2)
  A flayed ghost (D:13)
  A wizard (Vaults:1)
  A deep elf archer (D:14)
  An ironbrand convoker (Vaults:1)
  7 phantasmal warriors
  A shining eye (Slime:2)
  4 ugly things
  An orb spider (Spider:1)
  An orc knight (D:14)
  2 wolf spiders (Spider:2)
  A faun (Shoals:2)
  3 deep elf magi (D:14)
  A cyclops (D:14)
  8 elephants (Lair:5)
  A merfolk siren (Shoals:1)
  2 black mambas (Lair:3)
  5 vault sentinels
  4 centaur skeletons
  A gargoyle (D:13)
  A spiny frog (shapeshifter) (Vaults:2)
  4 spiny frogs
  10 yaktaurs
  A demonic crawler (Spider:4)
  4 komodo dragons
  5 kobold demonologists
  A troll (D:11)
  A tyrant leech (Spider:4)
  A meliai (shapeshifter) (D:13)
  9 jumping spiders
  A polar bear (shapeshifter) (Vaults:1)
  2 blink frogs
  A polar bear (Lair:2)
  4 dream sheep (Lair:4)
  A fire dragon zombie (Crypt:3)
  8 hippogriffs
  35 slime creatures
  20 yaks
  2 wyverns
  2 tarantellas
  7 redbacks
  A tarantella (shapeshifter) (Vaults:2)
  4 wraiths
  A golden eye (Slime:2)
  2 hungry ghosts
  3 vampire mosquitoes
  2 wargs (Orc:1)
  An acid dragon (Vaults:1)
  8 water moccasins
  6 porcupines
  3 sky beasts
  7 orc warriors
  4 ice beasts
  A black bear (D:7)
  A necrophage (D:9)
  A hornet zombie (D:13)
  A phantom (D:8)
  An eye of draining (Slime:5)
  8 ogres
  5 centaurs
  11 wolves
  2 boggarts (Vaults:3)
  5 crocodiles
  5 big kobolds
  An elf zombie (Crypt:3)
  11 bullfrogs
  6 wyvern skeletons
  4 scorpions
  12 killer bees
  3 wights (D:14)
  An electric eel (D:12)
  2 howler monkeys
  10 crimson imps
  2 centaur zombies
  A bullfrog zombie (D:6)
  5 hounds
  4 jellies
  A bullfrog skeleton (D:5)
  9 orc priests
  9 orc wizards
  6 iguanas
  8 worker ants
  An ogre zombie (Crypt:1)
  2 hound skeletons
  2 worker ant zombies
  A howler monkey zombie (D:10)
  8 gnolls
  6 adders
  2 shadow imps (D:6)
  6 white imps (IceCv)
  5 ufetubi (IceCv)
  An ooze (D:3)
  2 worms (D:2)
  2 dart slugs
  4 leopard geckos
  38 orcs
  7 bats
  4 giant cockroaches
  5 goblins
  3 hobgoblins
  4 jackals (D:6)
  4 quokkas
  3 ball pythons
  6 frilled lizards
  17 kobolds
  A rat (D:3)
  A toadstool (D:1)
523 creatures vanquished.

Vanquished Creatures (collateral kills)
  Sojobo (Vaults:2)
  Jory (Crypt:3)
  A lich (Crypt:3)
  A kraken (Shoals:4)
  Polyphemus (Shoals:3)
  10 acid blobs
  An ancient champion (Crypt:1)
  The ghost of Zigma the Wrestler, an adept DrMo of Makhleb (Shoals:4)
  2 tengu reavers
  A revenant (Crypt:3)
  Ilsuiw (Shoals:4)
  4 azure jellies
  A fire giant (D:13)
  4 emperor scorpions (Spider:4)
  A vault warden (Vaults:2)
  2 ironheart preservers
  A war gargoyle (D:13)
  An entropy weaver (D:14)
  11 vampire knights
  A deep elf demonologist (Vaults:2)
  2 dire elephants (Lair:6)
  An ettin (Vaults:2)
  A spark wasp (Spider:4)
  8 merfolk javelineers
  A deep elf death mage (Crypt:3)
  A death ooze (Slime:5)
  6 merfolk impalers
  A jiangshi (Crypt:3)
  A fire dragon (Vaults:1)
  7 ogre magi
  3 great orbs of eyes
  5 hydras (Lair:5)
  7 merfolk avatars
  A catoblepas (Shoals:3)
  6 merfolk aquamancers
  4 satyrs
  22 two-headed ogres
  A dancing weapon (Crypt:3)
  2 centaur warriors
  2 vampire magi (Crypt:3)
  A titan zombie (Crypt:3)
  3 death yaks
  A deep elf knight (Vaults:2)
  63 slime creatures
  A soul eater (Crypt:3)
  8 skeletal warriors (Crypt:3)
  A shadow wraith (Crypt:3)
  A wizard (Vaults:1)
  An unseen horror (Vaults:1)
  11 sea snakes
  A glowing orange brain (Slime:5)
  14 phantasmal warriors
  14 wolf spiders
  8 harpies
  A necromancer (Vaults:2)
  2 orc knights
  A stone giant zombie (Crypt:3)
  14 orb spiders
  4 cyclopes
  2 orc sorcerers (Orc:2)
  An ugly thing (D:14)
  7 manticores
  A deep elf mage (D:13)
  23 fauns
  4 shining eyes
  A centaur zombie (D:14)
  A moth of wrath (Spider:4)
  10 water nymphs
  10 elephants
  2 torpor snails
  11 merfolk sirens
  An eye of devastation (Slime:5)
  3 vault sentinels
  Psyche (D:8)
  8 spiny frogs
  An ice statue (IceCv)
  A yaktaur skeleton (Vaults:2)
  A komodo dragon (shapeshifter) (Vaults:2)
  3 yaktaurs
  3 demonic crawlers
  4 rime drakes
  11 komodo dragons
  8 ice devils (IceCv)
  3 tyrant leeches (Spider:4)
  A human skeleton (Vaults:2)
  3 polar bears
  A death yak skeleton (Crypt:3)
  7 jumping spiders
  33 merfolk
  A death drake zombie (Crypt:3)
  2 trolls
  5 wind drakes
  4 hornets
  7 blink frogs
  7 snapping turtles
  A tarantella zombie (Crypt:3)
  9 dream sheep
  41 redbacks
  8 hippogriffs
  A fire dragon zombie (Crypt:3)
  2 wraiths (Crypt:3)
  A shadow (Vaults:2)
  A black mamba zombie (Crypt:3)
  13 water elementals
  9 tarantellas
  6 basilisks
  3 vampire mosquitoes
  5 wyverns
  7 yaks
  6 golden eyes
  7 water moccasins
  A spiny frog zombie (Crypt:3)
  An acid dragon (Vaults:2)
  A floating eye (Slime:5)
  7 orc warriors
  2 porcupines
  A swamp drake (shapeshifter) (Vaults:1)
  A human zombie (Vaults:2)
  An ice beast (D:10)
  A swamp dragon zombie (Crypt:3)
  A black bear (shapeshifter) (D:14)
  5 eyes of draining
  4 wolves (Lair:5)
  29 ogres
  A boggart (Vaults:3)
  4 centaurs
  2 crocodiles
  2 bullfrogs
  3 earth elementals (Spider:4)
  A wight (D:14)
  An electric eel (Lair:2)
  A howler monkey (D:6)
  A crimson imp (D:8)
  3 jellies
  A human simulacrum (Vaults:2)
  3 orc priests
  A hound (D:6)
  11 orc wizards
  A shadow imp (D:6)
  A steam dragon skeleton (Crypt:3)
  2 white imps (IceCv)
  An ufetubus (IceCv)
  An adder skeleton (D:9)
  23 orcs
  A goblin (Vaults:3)
  2 jackals (D:10)
  10 kobolds (D:11)
  10 fungi
  51 plants
  A tentacle (Shoals:4)
785 creatures vanquished.

Vanquished Creatures (others)
  A reaper (IceCv)
  A white imp (IceCv)
  5 ufetubi (IceCv)
  10 fungi
  15 plants
  8 spectral weapons
  17 tentacles (Shoals:4)
  3 toadstools (D:1)
60 creatures vanquished.

Grand Total: 1368 creatures vanquished

Notes
Turn   | Place    | Note
-------+----------+-------------------------------------------
     0 | D:1      | Lavandula the Mummy Arcane Marksman began the quest for the Orb.
     0 | D:1      | Reached XP level 1. HP: 15/15 MP: 2/2
   209 | D:1      | Reached XP level 2. HP: 21/21 MP: 0/4
   559 | D:3      | Reached XP level 3. HP: 13/26 MP: 5/5
   598 | D:2      | Learned a level 2 spell: Slow
  1022 | D:3      | Reached XP level 4. HP: 32/32 MP: 6/6
  1722 | D:3      | Found a blossoming altar of Fedhas.
  2077 | D:3      | Found a sparkling altar of Nemelex Xobeh.
  2077 | D:3      | Found a hide-covered altar of Uskayaw.
  2152 | D:5      | Entered Level 5 of the Dungeon
  2193 | D:5      | Noticed an ogre
  2235 | D:4      | Reached XP level 5. HP: 30/39 MP: 1/7
  2617 | D:5      | Noticed Sigmund
  2774 | D:5      | Noticed an ice beast
  2891 | D:5      | Killed an ogre
  2891 | D:5      | Reached XP level 6. HP: 15/46 MP: 8/8
  3120 | D:5      | Killed an ice beast
  3120 | D:5      | Reached skill level 5 in Crossbows
  3380 | D:5      | Learned a level 4 spell: Cause Fear
  3455 | D:6      | Noticed a two-headed ogre
  3777 | D:5      | Noticed an ice beast
  3782 | D:5      | Killed an ice beast
  3782 | D:5      | Reached XP level 7. HP: 51/51 MP: 7/9
  4400 | D:6      | Reached XP level 8. HP: 60/60 MP: 6/10
  4477 | D:6      | Found a staircase to the Ecumenical Temple.
  4535 | Temple   | Entered the Ecumenical Temple
  4624 | Temple   | Became a worshipper of Kikubaaqudgha
  4676 | D:6      | Reached skill level 2 in Spellcasting
  4686 | D:6      | HP: 1/60 [centaur (7)]
  4687 | D:6      | Reached skill level 3 in Spellcasting
  5110 | D:6      | Found a transporter.
  5113 | D:6      | Noticed a kobold demonologist
  5113 | D:6      | Noticed a kobold demonologist
  5131 | D:6      | Found a transporter.
  5182 | D:6      | Found a basalt altar of Yredelemnul.
  5306 | D:6      | Reached skill level 1 in Evocations
  5594 | D:6      | Reached * piety under Kikubaaqudgha
  5594 | D:6      | Identified Kikubaaqudgha's Compendium of Black Arts (Kikubaaqudgha gifted it to you on level 6 of the Dungeon)
  5594 | D:6      | Received a gift from Kikubaaqudgha
  5600 | D:6      | Learned a level 1 spell: Animate Skeleton
  5604 | D:6      | Learned a level 3 spell: Vampiric Draining
  5674 | D:6      | Reached skill level 1 in Necromancy
  6041 | D:6      | Killed a two-headed ogre
  6041 | D:6      | Reached XP level 9. HP: 20/65 MP: 9/14
  6150 | D:6      | YES
  6633 | D:7      | Found a glowing golden altar of the Shining One.
  6680 | D:7      | Found a shimmering altar of Xom.
  6680 | D:7      | Found a shimmering altar of Xom.
  6681 | D:7      | Found a shimmering altar of Xom.
  6801 | D:8      | Noticed a two-headed ogre
  6878 | D:7      | Found a shimmering altar of Xom.
  6884 | D:7      | Found a shimmering altar of Xom.
  6884 | D:7      | Found a shimmering altar of Xom.
  6898 | D:7      | Noticed a rime drake
  7190 | D:6      | Noticed a sixfirhy
  7191 | D:6      | Noticed a hellwing
  7197 | D:6      | Killed a kobold demonologist
  7197 | D:6      | Reached skill level 5 in Evocations
  7365 | D:6      | Killed a kobold demonologist
  7516 | D:7      | Reached skill level 5 in Hexes
  7548 | D:7      | Reached XP level 10. HP: 44/71 MP: 15/15
  7684 | D:7      | Reached skill level 1 in Long Blades
  7737 | D:8      | Reached ** piety under Kikubaaqudgha
  8356 | D:8      | Noticed Psyche
  8369 | D:8      | Killed Psyche
  8369 | D:8      | Reached skill level 5 in Dodging
  8455 | D:8      | Found a shadowy altar of Dithmenos.
  8659 | D:10     | Entered Level 10 of the Dungeon
  8693 | D:9      | Learned a level 2 spell: Corpse Rot
  8800 | D:9      | Noticed Erolcha
  8943 | D:10     | Noticed Harold
  9192 | D:8      | HP: 3/71 [two-headed ogre/giant club (17)]
  9575 | D:9      | Reached skill level 5 in Long Blades
  9646 | D:9      | Noticed a two-headed ogre
  9667 | D:9      | Reached skill level 4 in Spellcasting
  9713 | D:9      | Killed a two-headed ogre
  9713 | D:9      | Reached skill level 5 in Spellcasting
  9784 | D:9      | Found a staircase to the Lair.
  9828 | D:9      | Found a bloodstained altar of Trog.
  9892 | Lair:1   | Entered Level 1 of the Lair of Beasts
  9904 | Lair:1   | Reached skill level 6 in Spellcasting
  9922 | Lair:1   | Noticed a spiny frog
  9934 | Lair:1   | Killed a spiny frog
  9934 | Lair:1   | Reached XP level 11. HP: 68/77 MP: 18/20
  9977 | Lair:1   | Reached *** piety under Kikubaaqudgha
  9977 | Lair:1   | Identified Kikubaaqudgha's Almanac of Stolen Souls (Kikubaaqudgha gifted it to you on level 1 of the Lair of Beasts)
  9977 | Lair:1   | Received a gift from Kikubaaqudgha
  9984 | Lair:1   | Learned a level 4 spell: Animate Dead
  9991 | Lair:1   | Learned a level 6 spell: Death Channel
 10177 | Lair:1   | Got a slimy battleaxe
 10178 | Lair:1   | Identified the cursed +2 battleaxe of Resumed Hostilities {venom, +Blink rPois Str-3 Int+4} (You found it on level 1 of the Lair of Beasts)
 10458 | Lair:3   | Noticed Nergalle
 10490 | Lair:3   | Killed Nergalle
 10654 | Lair:3   | Found a shadowy altar of Dithmenos.
 10654 | Lair:3   | Noticed an oklob plant
 10679 | Lair:3   | Found a frozen archway.
 10771 | IceCv    | Entered an ice cave
 10922 | IceCv    | Killed a reaper
 11646 | IceCv    | Got a coiled golden ring
 11647 | IceCv    | Identified the ring of Equilibrium {rElec rC- rN++ Int-5 Stlth-} (You found it in an ice cave)
 11958 | Lair:4   | Identified a scroll of acquirement
 12041 | Lair:4   | Reached skill level 1 in Shields
 12367 | Lair:5   | Reached XP level 12. HP: 78/85 MP: 16/21
 12424 | Lair:5   | Reached skill level 5 in Shields
 12476 | Lair:5   | Reached skill level 7 in Spellcasting
 12515 | Lair:5   | Noticed a six-headed hydra
 12685 | Lair:5   | Found a viscous altar of Jiyva.
 12688 | Lair:5   | Found a staircase to the Slime Pits.
 12828 | Lair:5   | Reached skill level 8 in Spellcasting
 12848 | Lair:5   | Killed a six-headed hydra
 12874 | Lair:5   | Reached skill level 9 in Spellcasting
 12881 | Lair:5   | Noticed a six-headed hydra
 12889 | Lair:5   | Noticed an eight-headed hydra
 12890 | Lair:5   | Killed a six-headed hydra
 12894 | Lair:5   | Killed an eight-headed hydra
 12894 | Lair:5   | Reached skill level 10 in Spellcasting
 12941 | Lair:5   | Noticed a seven-headed hydra
 12947 | Lair:5   | Killed a seven-headed hydra
 12970 | Lair:5   | Reached **** piety under Kikubaaqudgha
 13001 | Lair:6   | Entered Level 6 of the Lair of Beasts
 13011 | Lair:6   | Noticed a six-headed hydra
 13092 | Lair:5   | Reached skill level 10 in Necromancy
 13111 | Lair:6   | Noticed a four-headed hydra
 13134 | Lair:5   | Killed a four-headed hydra
 13216 | Lair:6   | Noticed a dire elephant
 13237 | Lair:6   | Killed a dire elephant
 13261 | Lair:6   | Noticed a death yak
 13264 | Lair:6   | Noticed a death yak
 13277 | Lair:6   | Killed a death yak
 13277 | Lair:6   | Killed a death yak
 13401 | Lair:6   | Noticed a merfolk avatar
 13407 | Lair:6   | Killed a merfolk avatar
 13417 | Lair:6   | Gained mutation: You are in touch with the powers of death. [Mummy growth]
 13417 | Lair:6   | Reached XP level 13. HP: 87/90 MP: 21/27
 13423 | Lair:6   | Noticed a dire elephant
 13432 | Lair:6   | Killed a dire elephant
 13449 | Lair:6   | Identified Oxkuate's Catalogue of Twisted Earth
 13725 | Lair:4   | Learned a level 6 spell: Deflect Missiles
 13852 | Lair:3   | Reached skill level 1 in Charms
 14260 | D:10     | Reached skill level 1 in Air Magic
 14593 | D:11     | Found Caseng's Jewellery Shop.
 14742 | D:11     | Reached ***** piety under Kikubaaqudgha
 14765 | D:11     | Found a staircase to the Orcish Mines.
 14776 | Orc:1    | Entered Level 1 of the Orcish Mines
 14804 | Orc:1    | Found a roughly hewn altar of Beogh.
 15039 | Orc:2    | Entered Level 2 of the Orcish Mines
 15039 | Orc:2    | Found Edyi's Gadget Shoppe.
 15180 | Orc:2    | Found a staircase to the Elven Halls.
 15422 | Orc:2    | Reached skill level 5 in Air Magic
 15577 | Orc:2    | Reached skill level 5 in Charms
 15621 | Orc:2    | Found Zuityseqo's Antique Armour Emporium.
 15621 | Orc:2    | Found Guhy's Distillery.
 15622 | Orc:2    | Found Led Moismedy's Antique Weapon Boutique.
 15622 | Orc:2    | Found Viqium's Distillery.
 15632 | Orc:2    | Bought a transparent dagger for 147 gold pieces
 15632 | Orc:2    | Identified the +6 dagger of Fuaq {antimagic, rF- rC++} (You bought it in a shop on level 2 of the Orcish Mines)
 15634 | Orc:2    | Bought the +10 morningstar "Eos" {elec, Halo rElec} for 1554 gold pieces
 15688 | Orc:2    | Bought a pair of runed gloves for 255 gold pieces
 16051 | Lair:2   | Found a staircase to the Shoals.
 16063 | Shoals:1 | Entered Level 1 of the Shoals
 16085 | Shoals:1 | Reached skill level 1 in Maces & Flails
 16237 | Shoals:1 | Reached XP level 14. HP: 96/96 MP: 20/28
 16470 | Shoals:2 | Reached skill level 5 in Maces & Flails
 17127 | Shoals:3 | Noticed Polyphemus
 17164 | Shoals:3 | Killed Polyphemus
 17543 | Shoals:4 | Entered Level 4 of the Shoals
 17794 | Shoals:4 | Noticed Ilsuiw
 17832 | Shoals:4 | Killed Ilsuiw
 18117 | Shoals:4 | Noticed a kraken
 18120 | Shoals:4 | Reached XP level 15. HP: 77/102 MP: 29/29
 18134 | Shoals:4 | Killed a kraken
 18137 | Shoals:4 | Noticed Zigma's ghost (adept DrMo)
 18151 | Shoals:4 | Killed Zigma's ghost
 18172 | Shoals:4 | Learned a level 1 spell: Summon Butterflies
 18174 | Shoals:4 | Learned a level 1 spell: Apportation
 18211 | Shoals:4 | Got a barnacled rune of Zot
 18227 | Shoals:4 | Reached skill level 1 in Translocations
 18575 | Lair:2   | Found a hole to the Spider Nest.
 18705 | Spider:1 | Entered Level 1 of the Spider Nest
 19084 | Spider:3 | Noticed Mara
 19127 | Spider:3 | Noticed Lavandula's illusion
 19512 | Spider:2 | Reached skill level 5 in Translocations
 19686 | Spider:4 | Entered Level 4 of the Spider Nest
 19941 | Spider:4 | Noticed a ghost moth
 19951 | Spider:4 | Killed a ghost moth
 20474 | Spider:4 | Got a gossamer rune of Zot
 21418 | D:12     | Identified the Tome of Vitriolic Flight
 21425 | D:12     | Learned a level 4 spell: Summon Lightning Spire
 21497 | D:13     | Reached skill level 11 in Spellcasting
 21780 | D:13     | Noticed a fire giant
 21803 | D:13     | Killed a fire giant
 21803 | D:13     | Reached XP level 16. HP: 100/108 MP: 20/31
 21986 | D:13     | Got a heavily runed chain mail
 21997 | D:13     | Identified the +6 chain mail of the Guild-Master {rC+ Int+2} (You found it on level 13 of the Dungeon)
 22208 | D:14     | Reached skill level 12 in Spellcasting
 22273 | D:15     | Entered Level 15 of the Dungeon
 22332 | D:14     | Learned a level 4 spell: Control Undead
 22355 | D:14     | Reached ****** piety under Kikubaaqudgha
 22490 | D:14     | Reached skill level 1 in Summonings
 22495 | D:14     | Got a vibrating jade ring
 22506 | D:14     | Identified the ring "Javu" {Wiz rF- rN++ Slay+5} (You took it off a skeletal warrior on level 14 of the Dungeon)
 22544 | D:14     | Found a gate to the Vaults.
 22548 | D:14     | Received a gift from Kikubaaqudgha
 22551 | Vaults:1 | Entered Level 1 of the Vaults
 22972 | Vaults:1 | Reached skill level 5 in Summonings
 23129 | Vaults:3 | Found a flickering gateway to a bazaar.
 23314 | Bazaar   | Entered a bazaar
 23314 | Bazaar   | Found Kitay's Gadget Shop.
 23314 | Bazaar   | Found Dito's Book Shop.
 23314 | Bazaar   | Found Pimearij's Gadget Shoppe.
 23316 | Bazaar   | Found Xerhin's General Store.
 23365 | Bazaar   | Bought a scroll of teleportation for 30 gold pieces
 23378 | Bazaar   | Bought a lamp of fire for 320 gold pieces
 23381 | Bazaar   | Bought a book of Battle for 360 gold pieces
 23387 | Bazaar   | Learned a level 3 spell: Spectral Weapon
 23637 | Vaults:2 | Reached skill level 13 in Spellcasting
 23698 | Vaults:2 | Found a staircase to the Crypt.
 23786 | Vaults:2 | Reached skill level 1 in Stealth
 23959 | Vaults:2 | Learned a level 2 spell: Shroud of Golubria
 23961 | Crypt:1  | Entered Level 1 of the Crypt
 23961 | Crypt:1  | Noticed Aizul
 23961 | Crypt:1  | Noticed Sojobo
 23975 | Vaults:2 | Killed Aizul
 24040 | Vaults:2 | Killed Sojobo
 24184 | Crypt:1  | Reached skill level 1 in Armour
 24246 | Crypt:1  | Noticed an ancient champion
 24256 | Crypt:1  | Killed an ancient champion
 24272 | Crypt:3  | Entered Level 3 of the Crypt
 24278 | Crypt:3  | Noticed a lich
 24291 | Crypt:3  | Found an ancient bone altar of Kikubaaqudgha.
 24309 | Crypt:3  | Upgraded the game from 0.21-a0-104-g7b58145 to 0.21-a0-110-g8e1637b
 24324 | Crypt:3  | Reached XP level 17. HP: 30/113 MP: 10/34
 24445 | Crypt:3  | Noticed a Brimstone Fiend
 24450 | Crypt:3  | Killed a lich
 24464 | Crypt:3  | Reached skill level 14 in Spellcasting
 24662 | Crypt:3  | Noticed Jory
 24675 | Crypt:3  | Killed Jory
 24747 | Crypt:3  | Reached skill level 15 in Spellcasting
 24876 | Crypt:3  | Identified the Catalogue of Bewitching Snow
 24877 | Crypt:3  | Identified the Almanac of Dark Secrets
 25148 | Vaults:2 | Learned a level 6 spell: Simulacrum
 25393 | D:11     | Bought an uncursed ring of resist corrosion for 360 gold pieces
 25434 | D:11     | Reached skill level 1 in Ice Magic
 25618 | Slime:1  | Entered Level 1 of the Pits of Slime
 25685 | Slime:1  | Noticed an acid blob
 25696 | Slime:1  | Killed an acid blob
 25848 | Slime:2  | Noticed an acid blob
 25856 | Slime:2  | Killed an acid blob
 26410 | Slime:3  | Reached skill level 5 in Ice Magic
 26445 | Slime:3  | Noticed an acid blob
 26461 | Slime:3  | HP: 3/113 [acid (8)]
 26463 | Slime:3  | Killed an acid blob
 26684 | Slime:3  | Noticed an acid blob
 26698 | Slime:3  | Killed an acid blob
 26801 | Slime:4  | Noticed an acid blob
 26819 | Slime:3  | Killed an acid blob
 27026 | Slime:5  | Entered Level 5 of the Pits of Slime
 27027 | Slime:5  | Noticed an acid blob
 27037 | Slime:5  | Noticed an acid blob
 27037 | Slime:5  | Killed an acid blob
 27041 | Slime:5  | Killed an acid blob
 27045 | Slime:5  | Noticed an acid blob
 27051 | Slime:5  | Killed an acid blob
 27130 | Slime:5  | Noticed an acid blob
 27133 | Slime:5  | Noticed an acid blob
 27140 | Slime:5  | Killed an acid blob
 27141 | Slime:5  | Killed an acid blob
 27142 | Slime:5  | Noticed an acid blob
 27147 | Slime:5  | Killed an acid blob
 27163 | Slime:5  | Noticed an acid blob
 27169 | Slime:5  | Killed an acid blob
 27219 | Slime:5  | Noticed an acid blob
 27227 | Slime:5  | Killed an acid blob
 27343 | Slime:5  | Paralysed by a floating eye for 2 turns
 27428 | Slime:5  | Found a viscous altar of Jiyva.
 27696 | Slime:5  | Noticed the Royal Jelly
 27712 | Slime:5  | Noticed an acid blob
 27712 | Slime:5  | Noticed an acid blob
 27712 | Slime:5  | Noticed an acid blob
 27715 | Slime:5  | Demolished by an acid blob

Vault maps used:
D:1:      ldierk_water_garden
D:2:      minmay_tetromino_s4
D:3:      fedhas_altar_2, gammafunk_temple_overflow_elements
D:5:      first_bread, uniq_sigmund
D:6:      gammafunk_wand_slinger, yredelemnul_altar_generic,
          minmay_temple_entry_large_hall
D:7:      xom_shifter_show, nicolae_tso_carved_into_rock, grunt_livestock
D:8:      nicolae_dithmenos_through_a_glass_darkly, uniq_psyche
D:9:      lemuel_doored_altar, grunt_lair_entry_orc_guard_hut, uniq_erolcha
D:10:     serial_shops, shop, uniq_harold
D:11:     orc_0_dummy, serial_shops, nicolae_shop_waterfront
D:12:     hex_intersection, st_stairs_4
D:13:     minmay_diamond_spiral
D:14:     hangedman_vaults_entry_quadrant_bands, dk_noncrumbling_3,
          item_on_display_a
D:15:     hangedman_depths_entry_try_elsewhere_first, zin_angel, enter_trove_1,
          hangedman_decor_clover_reticule
Temple:   dpeg_chambers_temple
Lair:2:   elwin_shoals_entry_rooms, nicolae_spider_entry_tight_spaces,
          cheibrodos_lair_caveside_slide, cheibrodos_lair_lostbears
Lair:3:   portal_ice_cave_entry_pillars_1, lemuel_oklob_altar, uniq_nergalle
Lair:4:   infiniplex_staircase_pool, lemuel_fruit_fields
Lair:5:   beast_lair_carwin_large_4, dpeg_slime_entry_enclosed_altar,
          special_room, basic_altar
Lair:6:   gammafunk_lair_ancient_temple, serial_bayou_pond_a, minivault_11,
          st_stairs_7
Shoals:2: nicolae_shoals_arrival_archipelago
Shoals:3: uniq_polyphemus
Shoals:4: shoals_end_simple, shoals_ilsuiw_ice
Spider:1: cheibrodos_spider_deadly_dance, hangedman_spider_mandibles
Spider:2: nicolae_spider_hall_of_the_moth_king
Spider:3: uniq_mara
Spider:4: grunt_spider_rune_circles, hangedman_stitches_earthworm
Orc:1:    basic_altar
Orc:2:    st_orc_ogre_mass, serial_shops, shop
Vaults:1: nicolae_vaults_network_star, v_misc_25, vaults_room_door_ring,
          nicolae_vaults_little_squares_2, nicolae_vaults_display_case,
          vaults_mumra_chevron, nicolae_vaults_alarming, ontoclasm_vaults_fault,
          nicolae_vaults_mini_display_case, vaults_room_grunt_arrival_ludios
Vaults:2: v_misc_27, vaults_room_boxed, minmay_crypt_entry_simple_corners,
          hangedman_vaults_impose, vaults_dpeg_hooks, v_misc_24, v_misc_33,
          dpeg_vaults_monster_box, vaults_dpeg_encased_lava,
          nicolae_vaults_gold_heap, uniq_donald, uniq_boris
Vaults:3: grunt_vaults_focal, v_misc_10, ontoclasm_vaults_eye, vaults_mumra_hex,
          nicolae_vaults_ninety_degrees, v_alt_pattern_4, grunt_vaults_diagonal,
          ontoclasm_vaults_chip, nicolae_vaults_stairing_the_circle, v_misc_13,
          ontoclasm_vaults_decontamination, serial_shops, bzr_entry_customers
Crypt:1:  st_burial_chamber, uniq_aizul, uniq_sojobo
Crypt:2:  lemuel_elevator
Crypt:3:  church_of_pain_bobbens, nicolae_tomb_entry_rubble_hallway
Bazaar:   bazaar_minmay_generic_island
IceCv:    ice_cave_small_demon

Skill      XL: |  1  2  3  4  5  6  7  8  9 10 11 12 13 14 15 16 17 |
---------------+----------------------------------------------------+-----
Crossbows      | 2 3 4 5 7 |  7.0
Fighting       | 2 3 4 |  4.9
Dodging        | 2 3 5 7 |  7.9
Spellcasting   | 3 6 10 11 13 15 | 15.1
Evocations     | 2 5 |  5.3
Necromancy     | 6 9 11 12 14 | 14.2
Hexes          | 5 |  5.0
Long Blades    | 5 6 7 |  7.0
Shields        | 4 5 |  5.2
Charms         | 5 8 9 |  9.4
Air Magic      | 6 8 |  8.0
Maces & Flails | 3 5 |  5.4
Translocations | 5 |  5.4
Summonings     | 6 |  6.0
Stealth        | 4 |  4.2
Armour         | 3 |  3.4
Ice Magic      | 5 |  5.0

Action                   |  1- 3 |  4- 6 |  7- 9 | 10-12 | 13-15 | 16-18 || total
-------------------------+-------+-------+-------+-------+-------+-------++-------
Melee: Unarmed           |     5 |       |       |       |       |       ||     5
       Dagger            |       |    53 |    14 |       |       |       ||    67
       Falchion          |       |       |     5 |   591 |   279 |    20 ||   895
       Battleaxe         |       |       |       |    16 |       |       ||    16
       Morningstar       |       |       |       |       |   109 |   422 ||   531
       Demon whip        |       |       |       |       |       |    20 ||    20
 Fire: Hand crossbow     |    63 |   102 |   236 |    39 |     1 |       ||   441
       Arbalest          |       |       |    18 |     3 |       |       ||    21
Throw: Javelin           |       |     3 |     2 |     8 |       |       ||    13
       Tomahawk          |       |       |     4 |     1 |       |       ||     5
 Cast: Corona            |    10 |    42 |    42 |    23 |       |       ||   117
       Slow              |     2 |    16 |    18 |    17 |     5 |       ||    58
       Animate Skeleton  |       |       |     5 |    16 |       |       ||    21
       Vampiric Draining |       |       |    18 |   128 |    69 |    34 ||   249
       Corpse Rot        |       |       |       |     8 |     1 |       ||     9
       Cause Fear        |       |       |       |     1 |     4 |    24 ||    29
       Animate Dead      |       |       |       |    57 |   144 |    46 ||   247
       Death Channel     |       |       |       |    11 |    74 |    23 ||   108
       Deflect Missiles  |       |       |       |       |     4 |     5 ||     9
       Apportation       |       |       |       |       |     6 |    16 ||    22
       Summon Butterflie |       |       |       |       |     2 |     3 ||     5
       Control Undead    |       |       |       |       |       |    47 ||    47
       Summon Lightning  |       |       |       |       |       |    42 ||    42
       Spectral Weapon   |       |       |       |       |       |    49 ||    49
       Shroud of Golubri |       |       |       |       |       |    16 ||    16
       Simulacrum        |       |       |       |       |       |    20 ||    20
Invok: Receive Corpses   |       |       |       |    30 |    67 |    52 ||   149
       Torment           |       |       |       |       |       |     2 ||     2
       Receive Necronomi |       |       |       |       |       |     1 ||     1
Evoke: Wand              |       |     3 |    17 |       |       |     2 ||    22
       Box of beasts     |       |       |       |       |     1 |       ||     1
       Phantom mirror    |       |       |       |       |     1 |       ||     1
       Lamp of fire      |       |       |       |       |       |     2 ||     2
  Use: Scroll            |       |     7 |     1 |    12 |    15 |    14 ||    49
 Stab: Distracted        |       |       |       |     3 |     8 |    15 ||    26
       Sleeping          |       |       |       |       |     2 |       ||     2
       Betrayed ally     |       |       |       |       |       |     2 ||     2
       Paralysed         |       |       |       |       |       |     1 ||     1
Armor: Robe              |     1 |       |       |       |       |       ||     1
       Leather armour    |     1 |    43 |    71 |   303 |   165 |       ||   583
       Troll leather arm |       |       |       |       |    23 |   134 ||   157
Dodge: Dodged            |    10 |   100 |   204 |   553 |   387 |   357 ||  1611
       Deflected         |       |       |       |       |    16 |    36 ||    52
Block: Buckler           |       |       |       |    49 |   209 |   167 ||   425
       Rpst.: Falchion   |       |       |     2 |   143 |    63 |     5 ||   213
